 Dungeon Crawl Stone Soup version 0.20-a0-1122-gb7cbeb9 (webtiles) character file.

217 M4edhros the Sneak (level 5, -3/33 HPs)
             Began as an Octopode Artificer on May 15, 2017.
             Was an Initiate of Gozag.
             Slain by a bullfrog (8 damage)
             ... in a sewer.
             The game lasted 00:04:22 (1626 turns).

M4edhros the Sneak (Octopode Artificer)             Turns: 1626, Time: 00:04:22

Health: -3/33      AC:  1    Str: 11    XL:     5   Next: 94%
Magic:  7/7        EV: 14    Int: 14    God:    Gozag
Gold:   258        SH:  0    Dex: 13    Spells: 4/4 levels left

rFire    . . .     SeeInvis .   p - +3 short sword (venom)
rCold    . . .     Gourm    .   (no shield)
rNeg     . . .     Faith    .   (helmet restricted)
rPois    .         Spirit   .   (no amulet)
rElec    .         Reflect  .   (no ring)
rCorr    .         Harm     .   (no ring)
MR       .....                  (no ring)
Stlth    +++++.....             (no ring)
Regen    0.2/turn               (no ring)
MPRegen  0.1/turn               (no ring)
                                (no ring)
                                (no ring)

@: gold aura
A: almost no armour, stealthy swim, amphibious, 8 rings, constrict 8, camouflage
1, gelatinous body 1
a: Potion Petition, Call Merchant, Bribe Branch, Renounce Religion


You were in a sewer.
You worshipped Gozag.
Gozag was aware of your devotion.
You were very hungry.

You visited 1 branch of the dungeon, and saw 4 of its levels.
You also visited: Sewer.

You collected 305 gold pieces.
You paid 47 gold pieces to Gozag.

Inventory:

Hand Weapons
 a - a +0 short sword
 p - a +3 short sword of venom (weapon)
Wands
 b - a wand of flame (0/48)
 c - a wand of enslavement (9/24)
 d - a wand of random effects (13/48)
 l - a wand of flame (27/48)
 n - a wand of flame (7/48)
Scrolls
 j - 2 scrolls of teleportation {unknown}
 m - a scroll of magic mapping
 o - a scroll of recharging {unknown}
 q - a scroll of identify {unknown}
Potions
 e - a potion of berserk rage {unknown}
 g - a potion of flight {unknown}
 h - a potion of lignification {unknown}
 i - a potion of ambrosia {unknown}
 k - a potion of agility {unknown}
 r - 3 potions of magic {unknown}
 s - a potion of heal wounds {unknown}
 t - a potion of curing {unknown}
Comestibles
 f - a bread ration


   Skills:
 + Level 1.6 Fighting
 - Level 1.0 Short Blades
 + Level 2.4 Dodging
 + Level 7.1 Stealth
 + Level 3.7 Evocations


You had 4 spell levels left.
You didn't know any spells.

Dungeon Overview and Level Annotations

Branches:
Dungeon (4/15)
 Temple: D:4-7

Altars:
Gozag
Wu Jian

Annotations:
D:4 bezhaha's ghost, amateur OpAr


Innate Abilities, Weirdness & Mutations

You cannot wear most types of armour.
You are very stealthy in the water. (Stealth+)
You are amphibious.
You can wear up to eight rings at the same time.
You can use your tentacles to constrict eight enemies at once.
Your skin changes colour to match your surroundings (Stealth+).
Your rubbery body absorbs attacks. (AC +1, EV +1)


Message History

Press: ? - help, Shift-Dir - straight line, f - ball python
Aim: a ball python (water, chance to defeat MR: 73%)
The bullfrog resists with significant effort.
The ball python hisses angrily. x2
This wand has 9 charges left.
The bullfrog is no longer distracted by gold.
The bullfrog barely misses you. The ball python bites you.
The ball python grabs you. The ball python constricts you. The adder bites you.
The bullfrog hits you.
* * * LOW HITPOINT WARNING * * *
The ball python closely misses you.
* * * LOW HITPOINT WARNING * * *
The ball python constricts you.
Unknown command.
Okay, then.
You escape the ball python's grasp.
The ball python is no longer distracted by gold.
The bullfrog barely misses you. The bullfrog hits you!
You die...
Your body crumbles into a pile of gold.

#......###..##......#
##≈≈..## #..###≈≈≈≈##
#≈≈≈≈≈≈# #####≈≈≈≈≈≈#
#≈≈≈≈≈≈# #≈≈≈≈≈≈#
#≈≈≈≈≈≈# #≈≈≈≈≈≈#
#≈≈≈≈≈≈# #≈≈≈≈≈≈#
#≈≈≈≈≈≈# #≈≈≈≈≈≈#
##≈≈..≈# #≈≈≈≈≈≈#
#≈..(≈≈# #≈S@≈≈≈#
#≈≈.≈.## #≈FSF.≈#
#≈≈≈≈≈≈# #$≈SS.≈#
#≈≈≈≈≈≈# #≈S≈≈≈≈#
#≈≈≈≈≈≈# #S≈$≈≈≈#
#≈≈≈≈≈≈# #≈≈≈≈≈≈#
#≈≈≈≈≈≈# #≈≈≈≈≈≈#
#≈≈≈≈≈≈# #≈≈≈≈≈≈#
#≈≈≈≈≈≈# #≈≈≈≈≈≈#


You could see 2 bullfrogs, an adder and 5 ball pythons.

Vanquished Creatures
  Terence (D:3)
  A hound skeleton (D:4)
  6 adders
  5 river rats (Sewer)
  An adder skeleton (D:4)
  2 worms
  A dart slug (D:1)
  8 leopard geckos
  2 bats (D:1)
  3 giant cockroaches (D:1)
  A goblin (D:1)
  2 hobgoblins (D:3)
  2 jackals (D:1)
  2 kobolds (D:1)
  13 ball pythons
  A jackal skeleton (D:4)
  23 rats
74 creatures vanquished.

Vanquished Creatures (others)
  An orc (D:3)
  A jackal (D:1)
2 creatures vanquished.

Grand Total: 76 creatures vanquished

Notes
Turn   | Place    | Note
-------+----------+-------------------------------------------
     0 | D:1      | M4edhros the Octopode Artificer began the quest for the Orb.
     0 | D:1      | Reached XP level 1. HP: 13/13 MP: 3/3
    18 | D:1      | Reached skill level 2 in Stealth
   222 | D:1      | Reached skill level 3 in Stealth
   222 | D:1      | Reached XP level 2. HP: 10/18 MP: 4/4
   485 | D:2      | Reached skill level 4 in Stealth
   485 | D:2      | Reached XP level 3. HP: 22/23 MP: 5/5
   550 | D:3      | Noticed Terence
   559 | D:3      | Killed Terence
   559 | D:3      | Reached skill level 5 in Stealth
   661 | D:3      | Reached XP level 4. HP: 21/28 MP: 6/6
   708 | D:4      | Noticed bezhaha's ghost (amateur OpAr)
   863 | D:4      | Reached skill level 6 in Stealth
   866 | D:4      | Found an opulent altar of Gozag.
   898 | D:4      | Found an ornate altar of the Wu Jian Council.
   902 | D:4      | HP: 1/28 [adder skeleton (3)]
   959 | D:4      | Became a worshipper of Gozag Ym Sagoz the Greedy
  1034 | D:3      | Found a glowing drain.
  1060 | Sewer    | Entered a sewer
  1292 | Sewer    | Reached XP level 5. HP: 29/33 MP: 7/7
  1441 | Sewer    | Reached skill level 7 in Stealth
  1626 | Sewer    | Slain by a bullfrog

Vault maps used:
D:1:      minmay_arrival_four_circles
D:2:      first_bread
D:3:      lemuel_coloured_pillars_altar, serial_co_window_serial,
          co_window_of_opportunity_a, co_window_paths_a, co_window_paths_a,
          co_window_paths_b, co_window_of_opportunity_a, co_window_paths_a,
          co_window_paths_a, co_window_of_opportunity_b, co_window_broadway_c,
          co_window_2corner, co_window_2corner, co_window_sun, glass_columns_a,
          gup_sewer_entry_pipe, uniq_terence
D:4:      old_standard_altar, nicolae_gozag_cash_rules_everything_around_me,
          uniq_robin
Sewer:    sewer_minmay_w

Skill      XL: |  1  2  3  4  5 |
---------------+----------------+-----
Stealth        | 3 4 5 6 7 |  7.1
Fighting       | |  1.6
Short Blades   | |  1.0
Dodging        | |  2.4
Evocations     | |  3.7

Action                   |  1- 3 |  4- 6 || total
-------------------------+-------+-------++-------
Melee: Short sword       |    44 |    45 ||    89
       Constrict         |    12 |    13 ||    25
       Tentacles         |     7 |    10 ||    17
Evoke: Wand              |     8 |    24 ||    32
  Use: Scroll            |       |     4 ||     4
 Stab: Sleeping          |     3 |     3 ||     6
       Distracted        |       |     1 ||     1
  Eat: Chunk             |       |     1 ||     1
Armor: Skin              |     8 |     2 ||    10
Dodge: Dodged            |    47 |    25 ||    72
